Workbook
Name ____val2: '[1]TAKE OFF''S'!#REF!
Name _val2: '[1]TAKE OFF''S'!#REF!
Name af: #REF!
Name afd: #REF!
Name AREAS: #REF!
Name AV: '[2]TAKE OFF''S'!#REF!
Name AVE.: #REF!
Name b: #REF!
Name BASIS: #REF!
Name BASIS1: #REF!
Name BH: #REF!
Name centrelinecavity: [3]Calcs!$C$223
Name DIMS: '[1]TAKE OFF''S'!#REF!
Name lengthstripfnds: [3]Calcs!$C$147
Name lll: '[1]TAKE OFF''S'!#REF!
Name M60_121FlrPaintPlantRms: [4]Calcs!#REF!
Name MAY_99_VALUATION_VALUATIONS_List: #REF!
Name P20_110Sktg: [5]Calcs!$K$873
Name pgd: #REF!
Name SFtgsGulleyhopperbackinlet150: '[6]SW drain calcs'!#REF!
Name SFtgsGulleyTrap150: '[6]SW drain calcs'!#REF!
Name slabarea: [3]Calcs!$C$173
Name slabisolationjoints: [3]Calcs!$C$183
Name STrenchEoBreakEdging: '[6]SW drain calcs'!#REF!
Name STrenchEoBreakKerb: '[6]SW drain calcs'!#REF!
Name STrenchEoBreakMac: '[6]SW drain calcs'!#REF!
Name UpperFlrSlabArea: [4]Calcs!#REF!
Name UpperFlrSlabGrth: [4]Calcs!#REF!
Name val: '[1]TAKE OFF''S'!#REF!
Name z: #REF!

Sheet Tender Qualifications
B6: Empire Construction Ltd
B7: Langdon Road, Kings Dock SA1 8QY
B10: GENERAL
B12: Drawing Information | C12: The drawings that the tender is based on is listed in the tender submission, any client led amendments to the drawings will be priced on an Add/Omit remeasure basis. | D12: All drawings to be provided by Empire Construction as confirmed by the client. Tender price submitted based on tender pack drawings.
B14: Rates | C14: All rates quoted shall include for all tools, plant, labour, materials and accessories required for the intended performance of the item of work unless otherwise specificed. Where an item is not listed in the Bill of Quantities, the item is deemed as not included. All rates provided are exclusive of VAT. | D14: As per description.
B16: Site Location | C16: All rates are current rates for Q2 2023 and are all based on today's market prices. All rates are held for 6 months and will be reviewed at that date. All rates are specific to the site location and all deliveries have been priced to this address. If deliveries cannot be made to this location for reasons in which the client is responsible, then the client may be subjected to additional delivery charges. | D16: All rates have been adjusted to suit the Swansea location.
B18: Contingency | C18: All rates include an uplift percentage for contingency due to the risk of the project. | D18: All rates are inclusive of a 20% contingency fee due to the risk Empire Construction are taking in the design and build contract.
B20: Overheads | C20: All rates are inclusive of an overhead fee to cover the cost of the contractor's employees working at the head office. | D20: All rates are inclusive of a 14% overheads fee.
B22: Delays | C22: The attached rates are based on the client having complete uninterrupted access to the site. If works are interrupted for either a reason or at the hands of the client, the client will face a loss of work/standing fee. | D22: The attached rates are based on Empire Construction having complete uninterrupted exclusive access to the site and there being no archaeological or ecological attendance.
B24: Additional Works | C24: Any additional works not listed in the tender but required by the client, must have a formal variation order agreed before any works shall proceed. | D24: Any additional works requested by the client will be based on Empire Construction's rates at the time of the variation.
B26: Minimum Visit/Quantity Charges | C26: The rates provided do not include for any minimum visit charges. If these are required due to a delay that the contractor is not resposible for, the client will be subjected to these additional charges. | D26: Not Included
B28: Suspension of Works | C28: Should extra costs be incurred by the contractor due to the suspension of work on the customer's instructions, or lack of instructions, or as a result of interruptions, delays, overtime, unusual hours of work in which the contractor is not responsible for, then such extra costs will be charged to the client. | D28: As per the description.
B30: Working Hours | C30: Unless otherwise stated, the whole of the works shall be carried out during normal working hours. Any overtime work instructed by the client shall be subjected to additional charges. | D30: Empire Construction's normal working hours are between 8am and 5pm.
B32: Deliveries | C32: All rates include for material/plant delivery and off loading at the site. The contractor is responsible for managing site traffic and ensuring safety. | D32: All rates include for delivery and off loading.
B34: Storage | C34: All rates allow for materials to be stored safely on site with easy access. The contractor is responsible for ensuring the site is safely secured at the end of every day and that the materials are stored correctly. | D34: Included
... B40: Completion of the Works | C40: All prices include for the works to be left in a sound and clean state on completion. The client is to check all areas of the works and to sign a disclosure statement that states that the contractor left the premises in an acceptable contidition with no damages and that the client is happy with the condition of the works. The contractor will not be liable for any damages after this period. | D40: Included
B41: STEEL
B43: Design | C43: The contractor is responsible for the structural design of the building and must provide all necessary drawings and technical details to the client. | D43: Included
B45: Fabrication | C45: All rates allow for the steel to be fabricated off-site and delivered closer to erection date. All members are then to be either welded or bolted together on site. The contractor should provide necessary storage for the steel whilst it is on-site. | D45: Included
B47: Specification | C47: All steel is to comply with BS EN 10025:2004. The price includes for all universal columns, beams, purlins and assocaited accessories (nuts, bolts, plates etc.) as shwon on the structural drawings. | D47: Included
B49: Erection | C49: The steel frame is to be permanently erected on site with the use of a crane. These rates do not include for the provision of a crane, this is included within the Preliminaries. All associated works at height have been allowed for. | D49: Included
B51: Surface Treatment | C51: The price allows for one coat of primer and one coat of two pack epoxy zinc phosphate primer. An allowance has also been made for a sprayed intumescent paint fire protection and a decorative sealer top coat. All steel used is to be fire protected. | D51: The intumescent paint fire protection coat will provide protection for 120 minutes.
B52: PRE-CAST CONCRETE
B54: Components | C54: The contractor is responsible for the design, manufacture, supply and installation of the structural pre-cast floors, stairs and elevator shafts.All manufacturers recommendations should be adhered to in terms of load bearing capacity and weight. | D54: Included
B56: Installation | C56: All necessary labour and plant for the installation of the pre-cast members should be allowed for. | D56: The rates include all necessary labour for erection. No plant has been allowed for in these rates. An allowance for a crane required for these works, is captured in the Preliminaries.
B58: Working at Height | C58: All rates should include for working at height and the relevant safety measures should be specified. | D58: A passive fall arrest system has been allowed for within the erection cost.
B60: Cuts, Holes or Notches | C60: All relevant cuts, holes or notches for services are to be allowed for. This should include the necessary filling around penetration and making good once complete. | D60: Included
B61: BRICKWORK
B63: Brick | C63: All bricks are to be Birtley Olde English Brick with a 10mm mortar joint. | D63: As per decsription.
B65: Mortar | C65: All brick and block rates include for the supply and use of mortar. Mortar will be stored in silos on site. All mortar joints are to be bucket handle finish. | D65: Included
B67: Reinforcement | C67: An allowance should be made for bed joint reinforcement where openings occur and should be laid as work proceeds. | D67: Two rows of bed joint reinforcement have been allowed for beneath and above all openings and extending a minimum of 500mm beyond the structural opening as per the manufacturers recommendations.
B69: Accessories | C69: All rates include for laying air bricks, weep vents, cavity closures, wall ties, bed reinforcement and lintels as the brickwork proceeds. | D69: Included
B71: Expansion Joints | C71: An allowance is to be made for expansion joints in the brick/block to allow for movement and settling. | D71: An expansion joint has been allowed for every 10m of brick/block and spans the full height of the building.
B73: Insulation | C73: Rates should include for supplying and fitting of Kingspan Thermawall TW50 insulant or other equal and approved; as partial cavity fill; including cutting and fitting around wall ties and retaining discs. | D73: Included
B75: Band Course | C75: An allowance should be made for all brickwork below DPC. | D75: Rates include for three courses of brickwork below DPC. If more are required this will be subjected to a remeasure.
B77: Steps | C77: An allowance should be made for any additional works involved with steps throughout the building. | D77: N/A
B79: Regulations | C79: All works and material detailed are priced in accordance of the British Standard Codes of Practice, Building Regulations and Health and Safety Legislation. | D79: Included
B81: Waste | C81: All waste is to be disposed of in the correct manner and in accordance with waste management legislation. | D81: Included
B83: Plant | C83: All rates should include for the provision of a forklift to safely transport pallets of bricks around the site. | D83: Not Included - Included in Preliminaries
B85: Cleaning | C85: Rates to include for a final jetwash of all brick/rendered surfaces before completion. | D85: Included within brick rates. Done 24 hours before hand over to the client.
... B99: Bonding | C99: Where brickwork meets blockwork, an allowance should be made to allow for bonding between these areas. | D99: Included
B100: SCREEDS
B102: Pre-Cast Floors | C102: All rates shall include an allowance for a base coat screed to all pre-cast concrete floors. This includes the levelling and making good. | D102: A 50mm screed to all pre-cast floors has been allowed for.
B104: Regulations | C104: All rates shall be priced in accordance with BS EN 197-1 and BS EN 13139. | D104: Included
B106: Formwork | C106: All rates shall include for the required formwork to the perimeter of the pre-cast floors, including all fixings. | D106: Included
B108: Screed Finish | C108: An allowance should be made for a finishing screed to all communal areas and hallways. | D108: An Altro TB epoxy screed with primer has been allowed for.
B109: RENDERING
B111: Areas | C111: Rendering should only be allowed for where indicated on the elevation drawings and is to be champagne coloured K Render. | D111: Included
B113: Coats | C113: Two coats should be allowed for, a base and a top coat. | D113: A 15mm base coat and a 10mm top coat have been allowed for.
B114: ROOF WORKS
B116: Material | C116: All roofs should be of aluminium standing seam construction and should include all stainless steel roof fasteners. | D116: Included
B118: Roof Edge Protection | C118: All rates include for the supply and fit of aluminium fascia and eaves detailing, complete with ST clips. | D118: Included
B120: Landscaping Roofs | C120: An allowance should be made for two large flat landscaped roofs. Inclusive of all vapour control barriers, insulation board, sedium blanket and growing medium. | D120: Included
B122: Flat Roofs | C122: All rates should include for two small flat roofs to be finished with a waterproofing membrane. | D122: An allowance has been made of a sarnafil polymeric waterproofing membrane.
B124: Working at Height | C124: All rates shall include for the works being carried out at height with the necessary safety measures. | D124: Included. As previously stated, scaffolding is not included within these rates and is allowed for within the Preliminaries.
B125: EXTERNAL WINDOWS AND DOORS
B127: Specification | C127: All rates should include for windows to be triple glazed with pre-finished grey aluminium frames. Punched hole windows are to also feature espagnolette locking systems. DGU to be 1.30 U-value. 4-20-4 Optiwhite SV Optitherm S4 Argon filled or similar approved, | D127: Included
B129: Cavity Closures | C129: All rates shall include for the supply and fit of cavity closures to suit the 75mm cavity. | D129: Included
B131: Installation | C131: All rates shall include for the installation of all windows, formers and cavity closures. | D131: Included
B133: Tolerances | C133: A maximum gap of 3mm between the door leaf and frame at the head and down each jamb should be allowed. Any more than this will not be accepted. Curtain walling should have a maximum deviation of ±1.5mm in any storey height or structural bay width. | D133: Included
B135: Automated Sliding Doors | C135: The installation of all automatic sliding doors and their automated operation system should be included, including the connection to the electrical source. | D135: Included
B137: Temporary Protection | C137: All windows should be delivered to site with film protection to protect the glass from any scratches or damages until final completion. | D137: Included
B138: JOINERY
B140: Fixings | C140: All fixings required to carry out the works (nails, screws etc.) should be allowed for within the rates. | D140: Included
B142: Fire Protection | C142: All rates shall include the supply and installation of fire protection barriers around all openings and roof levels. | D142: Included
B144: Dust Extraction | C144: All rates shall include an allowance for necessary dust extraction when cutting materials. | D144: Included
B146: Doors | C146: All rates shall include for the supply and fit of all internal and external door kits, including the door linings, frames and relevant ironmongery. All classroom doors shall be fire-rated and complete with intumescent strips or smoke seals. | D146: Included
B148: Temporary Protection | C148: An allowance should be made for the provision of timber temporary handrails along the staircases until the final glass balustrades are installed. | D148: Included
B150: Ironmongery | C150: All ironmongery should be tested after installation to ensure it is in the correct working order. If required lubricant such as WD-40 shall be provided. | D150: Included
B152: Skirting | C152: All rates shall include for skirting to the internal perimeter of each room. The first floor skirting should be set 5mm off the floor to assist with sound transmission. In rooms where carpet is to be installed (classrooms and lecture theatres), the skirting should be installed after the carpet is laid. | D152: Skirting has been allowed for in every room except for the kitchen or bathrooms.
B154: Balustrades and Handrails | C154: An allowance should be made to fit the glass balustrades, aluminimum handrails and all support fixings after all the works is complete. This should also include the removal of the temporary timber handrails. | D154: Included
B156: Plynths | C156: All rates shall include for a return visit to fit the kitchen plinths after the flooring has been installed. | D156: Included
B158: Internal Blockwork | C158: An allowance should be made to include liners to internal blockwork walls to allow for the installation of plasterboards. | D158: Included
B160: Internal Sills | C160: An allowance should be made to supply and fit all internal wooden window sills as shown on the drawings. This includes ensuring they are plumb and square. | D160: N/A
B162: Cubicles/IPS Systems | C162: Rates shall include for the supply and fit of all toilet cubicles and IPS systems to the bathrooms. Including hanging all doors and fitting their related ironmongery. | D162: Included
... B172: Fixed Seating | C172: All rates should allow for the provision of fixed seating as shown on the design drawings. Including their installation into a fixed position using screws. | D172: Included as per the description in the BoQ.
B173: ELECTRICAL
B175: Consumer Units | C175: All consumer units are to be supplied by BG Electrical Ltd. | D175: Included
B177: Lighting | C177: All light bulbs, downlighters and spotlights are to be supplied by Green Lighting Ltd and are to be white finished. All light bulbs must be energy saving. | D177: Included
B179: Electrical Accessories and Fittings | C179: All electrical accessories and fittings are to be standard white moulded with metal back boxes manufactured by BG Electrical Ltd. All fittings are to be provided with screw covers for easy access. All sockets/switches are to be a minimum of 25mm apart. All sockets are to be the switch type with a grid switch to the kitchen. | D179: Included
B181: Smoke Alarm System | C181: All smoke detectoras are to be green lighting PSM-P101 240v mains powered fast fix optical smoke detectors with battery backups. The smoke alarm system is to be mains operated and permanently wired to the distribution board on a fused circuit. | D181: Included
B183: Appliances | C183: All wiring and connections of appliances are to be allowed for. Electrical appliance spurs to the kitchn are to be controlled via a master (multi) control panel switch. Drilling holes in the kitchen unit for appliance cables should be included. | D183: This includes the double oven, cooker hood, fridge freezer, dishwasher and microwave.
B185: Air Conditioning/Heating Systems | C185: All rates shall include for the wiring and connections to the consumer units. All ductwork is to be supplied by Greenwood Air Management Ltd. An allowance should be made to supply and fix all ducting for extract fans, including the connections to tile vents, drilling cole holes and the supply and fix of all external vent covers. | D185: Included
B187: Testing | C187: All rates shall allow for comprehensive inspecting and testing of all installations upon completion, ensuring certification of compliance with Wiring Regulations. | D187: Included
B189: Telecommunications | C189: All rates shall include for the supply and fix of all telephone points. | D189: Included
B191: Fibrenest | C191: All rates shall include for the supply and fix of all fibrenest points. | D191: Included
B193: Paperwork | C193: All rates include for the provision of information booklets and guarantees to the client upon completion. | D193: Included
B195: Temporary Protection | C195: All electrical accessories and fittings are to be provided with temporary protection until the works are completion. | D195: Included
B197: Armoured Cables | C197: All cables must be fixed at a minimum of 600mm. Where cables run through block walls, core drilling should be allowed for. | D197: Included
... B209: Sprinklers | C209: All rates must include for a separate power supply to the fire sprinkler pump and to the fire sprinkler alarms. | D209: Included
B210: PLUMBING
B212: Water Mains Supply | C212: All rates must allow for the incoming water mains supply. | D212: Included
B214: Rain Water Goods | C214: All external RWG are to be black aluminium with a powder coated finish. All RWG must comply with the British Standard Codes of Practice. All gutters muct be half round with fascia brackets and matching round section fall pipes of adequate size and capacity. All rates must include stop ends, running outlets,and all appropriate fixings to match. Downpipe bracket screws to be 40mm x 6mm round head. | D214: Included
B216: PVC Pipes | C216: All internal plastic PVC pipes are to be Hep 20 plastics supplied by Wavin Plastics Ltd. | D216: Included
B218: Sanitary Appliances and Fittings | C218: All rates must include for the supply and installation of all sanitary appliances as specified in the design. All fittings and appliances are to be Ideal Standard and part of the iLife range. All toilets must have soft close toilet seats. | D218: Included. Any additional appliances or fittings required will be at an additional rate.
B220: Kitchen Fittings | C220: All kitchen taps must be STH Westco Araya long neck sink mixers. | D220: Included
B222: Hot and Cold Pipework | C222: All rates should allow for pipework leading to sinks, basins, water fountains, toilet services and must require cut off valves, the tyoe that require a screwdriver to turn on and off. | D222: Included
B224: Temporary Protection | C224: All rates must include for the provision of FR WC/Sink protection boxes and bubblewrap to all taps until the building is completed and in use. | D224: Included
B226: Roof Outlets | C226: An allowance must be made for all roof drainage outlet connections. | D226: Included
B227: DRYLINING
...

Sheet Summary
A1: Empire Construction - SA1 Landon Road
A2: Rev. A
A3: Sophie Morgan
A4: 1908091
A6: Ref | B6: Description | C6: Value
A7: =Details!A6 -> 12 | B7: =Details!B6 -> Precast/Composite Concrete | C7: =Details!F15 -> 95170.007
A8: =Details!A17 -> 13 | B8: =Details!B17 -> Precast Concrete | C8: =Details!F33 -> 64241.298
A9: =Details!A35 -> 14 | B9: =Details!B35 -> Masonry | C9: =Details!F101 -> 286162.23
A10: =Details!A103 -> 15 | B10: =Details!B103 -> Structural Metalwork | C10: =Details!F141 -> 602151.85
A11: =Details!A143 -> 16 | B11: =Details!B143 -> Carpentry | C11: =Details!F153 -> 22637.663
A12: =Details!A155 -> 17 | B12: =Details!B155 -> Sheet Roof Coverings | C12: =Details!F194 -> 280364.77
A13: =Details!A196 -> 19 | B13: =Details!B196 -> Waterproofing | C13: =Details!F205 -> 30943.893
A14: =Details!A207 -> 20 | B14: =Details!B207 -> Proprietary Linings and Partitions | C14: =Details!F231 -> 59377.468
A15: =Details!A233 -> 21 | B15: =Details!B233 -> Cladding and Covering | C15: =Details!F245 -> 1089802.5
A16: =Details!A247 -> 22 | B16: =Details!B247 -> General Joinery | C16: =Details!F268 -> 25234.962
A17: =Details!A270 -> 23 | B17: =Details!B270 -> Windows, Screens and Lights | C17: =Details!F279 -> 81803.118
A18: =Details!A281 -> 24 | B18: =Details!B281 -> Doors, Shutters and Hatches | C18: =Details!F386 -> 117937.49
A19: =Details!A388 -> 25 | B19: =Details!B388 -> Stairs, Walkways and Balustrades | C19: =Details!F401 -> 34012.133
A20: =Details!A403 -> 27 | B20: =Details!B403 -> Glazing | C20: =Details!F413 -> 744.41091
A21: =Details!A415 -> 28 | B21: =Details!B415 -> Floor, Wall, Ceiling and Roof Finishes | C21: =Details!F460 -> 276934.7
A22: =Details!A462 -> 29 | B22: =Details!B462 -> Decoration | C22: =Details!F479 -> 34574.304
A23: =Details!A481 -> 30 | B23: =Details!B481 -> Suspended Ceilings | C23: =Details!F500 -> 62844.053
A24: =Details!A502 -> 31 | B24: =Details!B502 -> Insulation, Fire Stopping and Fire Protection | C24: =Details!F527 -> 56590.771
A25: =Details!A529 -> 32 | B25: =Details!B529 -> Furniture, Fittings and Equipment | C25: =Details!F619 -> 236707.24
A26: =Details!A621 -> 33 | B26: =Details!B621 -> Drainage Above Ground | C26: =Details!F673 -> 26426.532
A27: =Details!A675 -> 41 | B27: =Details!B675 -> Builder's Work in Connection with Services | C27: =Details!F697 -> 6452.7526
A28: 42 | B28: =Details!B699 -> Piped Supply Systems | C28: =Details!F818 -> 65567.237
A29: 43 | B29: =Details!B820 -> Mechanical Sytems | C29: =Details!F877 -> 430438.32
A30: 44 | B30: =Details!B879 -> Electrical Supply/Power/Heating | C30: =Details!F1033 -> 521647.06
B32: Project Total | C32: =SUM(C7:C31) -> 4508766.7

Sheet Details
A1: =+Summary!A1 -> Empire Construction - SA1 Landon Road
A2: =+Summary!A2 -> Rev. A
A3: Sophie Morgan
A4: 1908091
A6: 12 | B6: Precast/Composite Concrete
A7: 12.1 | B7: Precast/Composite Concrete | C7: Quantity | D7: Unit | E7: Rate | F7: Value | G7: Comments/Assumptions
A8: 12.1.1 | B8: Prestressed precast concrete structural suspended floors; Bison Hollowcore or other equal; supplied and fixed on hard level bearings, to areas of 500 m2 per site visit; top surface screeding; superimposed load of 5.00 kN/m2
B9: First floor
A10: 12.1.1.1 | B10: floor spans 9.50 m–12.00 m; 1200 mm × 300 mm x 200mm | C10: =2015.02-1207 -> 808.02 | D10: m² | E10: =(73.16*1.3*0.86)*1.44 -> 117.78175 | F10: =C10*E10 -> 95170.007 | G10: Crane excluded (Prelims)
B13: Sub Total | F13: =SUM(F8:F12) -> 95170.007
B15: TOTAL | F15: =F13 -> 95170.007
A17: 13 | B17: Precast Concrete
A18: 13.1 | B18: Precast Concrete Goods | C18: Quantity | D18: Unit | E18: Rate | F18: Value
A19: 13.1.1 | B19: Contractor designed precast concrete staircases and landings; including all associated steel supports and fixing in position
B20: Straight staircases; 280 mm treads; 170 mm undercut risers
A21: 13.1.1.1 | B21: 3450 mm wide; 3750 mm rise | C21: 1 | D21: Nr | E21: =((2555.83*2)*1.3*0.86)*1.44 -> 8229.3637 | F21: =C21*E21 -> 8229.3637 | G21: Crane excluded (Prelims)
B23: Dogleg staircases
A24: 13.1.1.2 | B24: 1200 mm wide; one full width half landing; 3750 mm rise | C24: 1 | D24: Nr | E24: =(3833.75*1.3*0.86)*1.44 -> 6172.0308 | F24: =C24*E24 -> 6172.0308 | G24: Crane excluded (Prelims)
A26: 13.1.2 | B26: Contractor designed precast concrete lift shaft; including installation and fixing in position
A27: 13.1.2.1 | B27: two storey; 1400x1500mm; wall thickness of 125mm; max tolerance +/- 6mm; concrete garde C50 with a type B finish; design life of 50 years; 120 minutes fire resistance; suitable for four persons; max capacity of 272kg | C27: 2 | D27: Nr | E27: =(15479*1.3*0.86)*1.44 -> 24919.952 | F27: =C27*E27 -> 49839.903 | G27: Crane excluded (Prelims)
B31: Sub Total | F31: =SUM(F19:F30) -> 64241.298
B33: TOTAL | F33: =F31 -> 64241.298
A35: 14 | B35: Masonry
A36: 14.1 | B36: Brick Walling | C36: Quantity | D36: Unit | E36: Rate | F36: Value
A37: 14.1.1 | B37: Facing bricks; machine-made facings; in gauged mortar (1:1:6)
B38: Walls; in gauged mortar (1:1:6)
A39: 14.1.1.1 | B39: facework one side, half brick thick; stretcher bond | C39: 750.76 | D39: m² | E39: =((60.77*1.25)*1.3*0.86)*1.44 -> 122.29355 | F39: =C39*E39 -> 91813.104 | G39: Includes 3 courses below DPC
A41: 14.1.2 | B41: Air bricks
B42: Air bricks; red terracotta; building into prepared openings
A43: 14.1.2.1 | B43: 215 mm × 65 mm | C43: 53 | D43: Nr | E43: =(5.47*1.3*0.86)*1.44 -> 8.8062624 | F43: =C43*E43 -> 466.73191 | G43: Allowed for every 2m
B46: Sub Total | F46: =SUM(F37:F45) -> 92279.836
A48: 14.2 | B48: Block Walling | C48: Quantity | D48: Unit | E48: Rate | F48: Value
A49: 14.2.1 | B49: Dense aggregate concrete blocks; in cement mortar (1:2:9)
B50: Walls or partitions or skins of hollow walls
A51: 14.2.1.1 | B51: 100 mm thick; solid | C51: 2196.49 | D51: m² | E51: =((34.53*1.25)*1.3*0.86)*1.44 -> 69.488172 | F51: =C51*E51 -> 152630.07
B53: Bonding ends to common brickwork
A54: 14.2.1.2 | B54: 100 mm thick solid | C54: 96.98 | D54: m | E54: =(7.51*1.3*0.86)*1.44 -> 12.090499 | F54: =C54*E54 -> 1172.5366
B56: Sub Total | F56: =SUM(F49:F55) -> 153802.61
A58: 14.7 | B58: Forming Cavities | C58: Quantity | D58: Unit | E58: Rate | F58: Value
A59: 14.7.1 | B59: Forming cavities
B60: In hollow walls
A61: 14.7.1.1 | B61: width of cavity 75 mm; stainless steel butterfly wall ties; three wall ties per m2 | C61: 1032.58 | D61: m² | E61: =(1.9*1.3*0.86)*1.44 -> 3.058848 | F61: =C61*E61 -> 3158.5053
A63: 14.7.2 | B63: Pointing in
B64: Pointing with mastic
A65: 14.7.2.1 | B65: window frames | C65: 1030.06 | D65: m | E65: =(1.16*1.3*0.86)*1.44 -> 1.8675072 | F65: =C65*E65 -> 1923.6445 | G65: External and internal
A67: 14.7.3 | B67: Sundries
B68: Weep holes
A69: 14.7.3.1 | B69: weep vents to perpends; plastic | C69: 118 | D69: Nr | E69: =(0.79*1.3*0.86)*1.44 -> 1.2718368 | F69: =C69*E69 -> 150.07674 | G69: Allowed for every 450mm
A71: 14.7.3.2 | B71: frame cramp, with slot; Halfen HTS-FS12; 150 mm stainless steel A2 | C71: 250 | D71: Nr | E71: =(32*1.3*0.86)*1.44 -> 51.51744 | F71: =C71*E71 -> 12879.36 | G71: Assumed that these will be required to tie the blockwork to the steel frame
A73: 14.7.4 | B73: External door and window cavity closures
B74: Thermabate or equivalent; inclusive of flange clips; jointing strips; wall fixing ties and adhesive tape
A75: 14.7.4.1 | B75: closing cavities; width of cavity 75 mm–84 mm | C75: 862.449 | D75: m | E75: =(7.33*1.3*0.86)*1.44 -> 11.800714 | F75: =C75*E75 -> 10177.514
A77: 14.7.5 | B77: Galvanized steel lintels; Catnic or other equal; built into brickwork or blockwork
B78: 70/100 range open back lintel for cavity wall; 70 mm– 85 mm cavity wall
A79: 14.7.5.1 | B79: 1800mm long | C79: 1 | D79: Nr | E79: =(171.32*1.3*0.86)*1.44 -> 275.81149 | F79: =C79*E79 -> 275.81149
A80: 14.7.5.2 | B80: 2400 mm long | C80: 18 | D80: Nr | E80: =(232.03*1.3*0.86)*1.44 -> 373.54974 | F80: =C80*E80 -> 6723.8953
B83: Sub Total | F83: =SUM(F59:F82) -> 35288.807
A85: 14.9 | B85: Joint Reinforcement | C85: Quantity | D85: Unit | E85: Rate | F85: Value
A86: 14.9.1 | B86: Joint Reinforcement
B87: Brickforce galvanized steel joint reinforcement or other equal and approved
A88: 14.9.1.1 | B88: width 100 mm; ref GBF40W100B25 | C88: 253 | D88: m | E88: =(2.81*1.3*0.86)*1.44 -> 4.5238752 | F88: =C88*E88 -> 1144.5404 | G88: Assumed to prevent horizontal bending
B91: Sub Total | F91: =SUM(F86:F90) -> 1144.5404
A93: 14.11 | B93: Joints | C93: Quantity | D93: Unit | E93: Rate | F93: Value
A94: 14.11.1 | B94: Joints
B95: Fire-resisting vertical expansion joints; filling with joint filler; fixed with high temperature slip adhesive; with polysulphide sealant one side; between end of wall and concrete
A96: 14.11.1.1 | B96: wall not exceeding 215 mm wide; 20 mm wide joint with 45 mm deep filler (two hour fire seal) | C96: 100.8 | D96: m | E96: =(22.47*1.3*0.86)*1.44 -> 36.174902 | F96: =C96*E96 -> 3646.4302 | G96: Allowed for every 10m and for the full building height
B99: Sub Total | F99: =SUM(F94:F98) -> 3646.4302
B101: TOTAL | F101: =F46+F56+F83+F91+F99 -> 286162.23
A103: 15 | B103: Structural Metalwork
A104: 15.1 | B104: Framed Members, Framing, Fabrication | C104: Quantity | D104: Unit | E104: Rate | F104: Value
A105: 15.1.1 | B105: Framing, fabrication; weldable steel; BS EN 10025: 2004 Grade S275; hot rolled structural steel sections; welded fabrication
B106: UC-Universal Columns: UC305x305x97
A107: 15.1.1.1 | B107: weight 40–100 kg/m | C107: ='Steel Schedule'!B113 -> 39.3432 | D107: tonne | E107: =((1577.13*1.2)*1.3*0.86)*1.44 -> 3046.8638 | F107: =C107*E107 -> 119873.37
B109: UB-Universal Beams: UB305x165x40
A110: 15.1.1.2 | B110: weight not exceeding 40 kg/m | C110: ='Steel Schedule'!B279 -> 35.60296 | D110: tonne | E110: =((1965.63*1.2)*1.3*0.86)*1.44 -> 3797.4085 | F110: =C110*E110 -> 135198.98
B112: Z Purlins: Z140x50x20x2.5
A113: 15.1.1.3 | B113: weight not exceeding 40 kg/m | C113: ='Steel Schedule'!C293 -> 3.9729732 | D113: tonne | E113: =((1965.63*1.2)*1.3*0.86)*1.44 -> 3797.4085 | F113: =C113*E113 -> 15087.002 | G113: Allowed for every 1.2m
B115: Fittings
A116: 15.1.1.4 | B116: general steel fittings; nuts, bolts, plates etc. | C116: =(C107+C110+C113)*0.2 -> 15.783827 | D116: tonne | E116: =((2284.75*1.2)*1.3*0.86)*1.44 -> 4413.9177 | F116: =C116*E116 -> 69668.511 | G116: 20% allowance
A118: 15.1.2 | B118: Framing, erection
A119: 15.1.2.1 | B119: permanent erection on site | C119: =C107+C110+C113+C116 -> 94.70296 | D119: tonne | E119: =((249.75*1.2)*1.3*0.86)*1.44 -> 482.49302 | F119: =C119*E119 -> 45693.517 | G119: Includes all labour required. Crane - Prelims
B122: Sub Total | F122: =SUM(F105:F121) -> 385521.38
A124: 15.5 | B124: Surface Treatments | C124: Quantity | D124: Unit | E124: Rate | F124: Value
A125: 15.5.1 | B125: Surface treatment
B126: At works
A127: 15.5.1.1 | B127: touch up primer and one coat of two pack epoxy zinc phosphate primer | C127: ='Steel Schedule'!B114+'Steel Schedule'!B280+'Steel Schedule'!C294 -> 1626.9477 | D127: m² | E127: =(5.2*1.3*0.86)*1.44 -> 8.371584 | F127: =C127*E127 -> 13620.129 | G127: Done prior to being delivered to site
A128: 15.5.1.2 | B128: intumescent paint fire protection (120 minutes); spray applied | C128: =C127 -> 1626.9477 | D128: m² | E128: =(66.15*1.3*0.86)*1.44 -> 106.49621 | F128: =C128*E128 -> 173263.76 | G128: Done prior to being delivered to site
A129: 15.5.1.3 | B129: extra over for; separate decorative sealer top coat | C129: =C127 -> 1626.9477 | D129: m² | E129: =(4.13*1.3*0.86)*1.44 -> 6.6489696 | F129: =C129*E129 -> 10817.526 | G129: Done prior to being delivered to site
B132: Sub Total | F132: =SUM(F125:F131) -> 197701.42
A134: 15.6 | B134: Decorative Metalwork | C134: Quantity | D134: Unit | E134: Rate | F134: Value
A135: 15.6.1 | B135: External aluminium posts
A136: 15.6.1.1 | B136: 150 x 150 x 10mm | C136: 181 | D136: m | E136: =(64.96*1.3*0.86)*1.44 -> 104.5804 | F136: =C136*E136 -> 18929.053 | G136: Includes an allowance to be secured in the ground by concrete
B139: Sub Total | F139: =SUM(F135:F138) -> 18929.053
B141: TOTAL | F141: =F122+F132+F139 -> 602151.85
A143: 16 | B143: Carpentry
A144: 16.3 | B144: Boarding to Floors | C144: Quantity | D144: Unit | E144: Rate | F144: Value
B145: Lecture Theatre's Tiered Seating Areas
A146: 16.3.1 | B146: Acoustic chipboard flooring
B147: Boarding to floors; tongued and grooved joints
A148: 16.3.1.1 | B148: chipboard on New Era levelling system | C148: 401.18 | D148: m² | E148: =(35.05*1.3*0.86)*1.44 -> 56.427696 | F148: =C148*E148 -> 22637.663
...

Sheet Steel Schedule
A1: Structural Framing Schedule
A2: Family and Type | B2: Length | C2: Count | D2: Volume
A4: UC-Universal Columns: UC305x305x97
A5: UC-Universal Columns: UC305x305x97 | B5: 3900 | C5: 1 | D5: 0.04 m³
A6: UC-Universal Columns: UC305x305x97 | B6: 3900 | C6: 1 | D6: 0.04 m³
A7: UC-Universal Columns: UC305x305x97 | B7: 3900 | C7: 1 | D7: 0.04 m³
A8: UC-Universal Columns: UC305x305x97 | B8: 3900 | C8: 1 | D8: 0.04 m³
A9: UC-Universal Columns: UC305x305x97 | B9: 3900 | C9: 1 | D9: 0.04 m³
A10: UC-Universal Columns: UC305x305x97 | B10: 3900 | C10: 1 | D10: 0.04 m³
A11: UC-Universal Columns: UC305x305x97 | B11: 3900 | C11: 1 | D11: 0.04 m³
A12: UC-Universal Columns: UC305x305x97 | B12: 3900 | C12: 1 | D12: 0.04 m³
A13: UC-Universal Columns: UC305x305x97 | B13: 3900 | C13: 1 | D13: 0.04 m³
A14: UC-Universal Columns: UC305x305x97 | B14: 3900 | C14: 1 | D14: 0.04 m³
A15: UC-Universal Columns: UC305x305x97 | B15: 3900 | C15: 1 | D15: 0.04 m³
A16: UC-Universal Columns: UC305x305x97 | B16: 3900 | C16: 1 | D16: 0.04 m³
... A108: UC-Universal Columns: UC305x305x97 | B108: 3900 | C108: 1 | D108: 0.04 m³
A110: Columns | B110: 405600 | C110: mm
B111: 405.6 | C111: m
A112: 97kg/m | B112: 39343.2 | C112: kg
B113: 39.3432 | C113: tonne
B114: 494.832 | C114: m²
A116: UB-Universal Beams: UB305x165x40
A117: UB-Universal Beams: UB305x165x40 | B117: 7566 | C117: 1 | D117: 0.04 m³
A118: UB-Universal Beams: UB305x165x40 | B118: 7566 | C118: 1 | D118: 0.04 m³
A119: UB-Universal Beams: UB305x165x40 | B119: 7566 | C119: 1 | D119: 0.04 m³
A120: UB-Universal Beams: UB305x165x40 | B120: 7639 | C120: 1 | D120: 0.04 m³
A121: UB-Universal Beams: UB305x165x40 | B121: 7639 | C121: 1 | D121: 0.04 m³
A122: UB-Universal Beams: UB305x165x40 | B122: 5368 | C122: 1 | D122: 0.03 m³
A123: UB-Universal Beams: UB305x165x40 | B123: 5368 | C123: 1 | D123: 0.03 m³
A124: UB-Universal Beams: UB305x165x40 | B124: 5368 | C124: 1 | D124: 0.03 m³
A125: UB-Universal Beams: UB305x165x40 | B125: 5368 | C125: 1 | D125: 0.03 m³
A126: UB-Universal Beams: UB305x165x40 | B126: 7578 | C126: 1 | D126: 0.04 m³
A127: UB-Universal Beams: UB305x165x40 | B127: 5368 | C127: 1 | D127: 0.03 m³
A128: UB-Universal Beams: UB305x165x40 | B128: 7578 | C128: 1 | D128: 0.04 m³
... A274: UB-Universal Beams: UB305x165x40 | B274: 5368 | C274: 1 | D274: 0.03 m³
A276: Beams | B276: 890074 | C276: mm
B277: 890.074 | C277: m
A278: 40kg/m | B278: 35602.96 | C278: kg
B279: 35.60296 | C279: tonne
B280: 836.66956 | C280: m²
A282: Z Purlins: Z140x50x20x2.5
A283: Roof 1 10.35m wide x 18.15m long | B283: 12.1 | C283: 125.235 | D283: m
A284: Roof 2 7.89m wide x 17.13m long | B284: 11.42 | C284: 90.1038 | D284: m
A285: Roof 6 3.67m wide x 5.52m long | B285: 3.68 | C285: 13.5056 | D285: m
A286: Roof 3 23.37m wide x 21.64m long | B286: 14.426667 | C286: 337.1512 | D286: m
A287: Roof 4 8.47m wide x 17.63m long | B287: 11.753333 | C287: 99.550733 | D287: m
A288: Roof 5 9.95m wide x 14.75m long | B288: 9.8333333 | C288: 97.841667 | D288: m
A289: Roof 8 3.86m wide x 5.48m long | B289: 3.6533333 | C289: 14.101867 | D289: m
A291: Purlins | C291: 777.48987 | D291: m
B292: 5.11kg/m | C292: 3972.9732 | D292: kg
C293: 3.9729732 | D293: tonne
C294: 295.44615 | D294: m²

Sheet Rooms
A1: Rooms | B1: Area | C1: Length | D1: Width
A2: Ground Floor | B2: =1213.48-3.24-3.22 -> 1207.02 | C2: 0 | D2: 0
A3: First Floor | B3: 808 | C3: 0 | D3: 0
A4: Lecture Theatre 1 | B4: =C4*D4 -> 168.5855 | C4: 17.47 | D4: 9.65
A5: Lecture Theatre 2 | B5: =C5*D5 -> 140.014 | C5: 14.6 | D5: 9.59
A6: Lecture Room 1 | B6: 53.95 | C6: 0 | D6: 0
A7: Lecture Room 2 | B7: 56.55 | C7: 0 | D7: 0
A8: Lecture Room 3 | B8: 56.55 | C8: 0 | D8: 0
A9: Lecture Room 4 | B9: =C9*D9 -> 60.8175 | C9: 7.65 | D9: 7.95
A10: Lecture Room 5 | B10: =C10*D10 -> 60.435 | C10: 7.65 | D10: 7.9
A11: Lecture Room 6 | B11: 56.63 | C11: 0 | D11: 0
A12: Lecture Room 7 | B12: 56.62 | C12: 0 | D12: 0
A13: Lecture Room 8 | B13: =C13*D13 -> 60.8175 | C13: 7.65 | D13: 7.95
A14: Lecture Room 9 | B14: =C14*D14 -> 47.15 | C14: 5.75 | D14: 8.2
A15: Lecture Room 10 | B15: =C15*D15 -> 42.344 | C15: 5.36 | D15: 7.9
A16: Study Area 1 | B16: =C16*D16 -> 18.684 | C16: 5.4 | D16: 3.46
A17: Study Area 2 | B17: =C17*D17 -> 18.975 | C17: 3.45 | D17: 5.5
A18: Study Area 3 | B18: =C18*D18 -> 18.684 | C18: 3.46 | D18: 5.4
A19: Study Area 4 | B19: =C19*D19 -> 18.5563 | C19: 3.43 | D19: 5.41
A20: Stair Room | B20: =C20*D20 -> 18.13 | C20: 4.9 | D20: 3.7
A21: Service 1 | B21: =C21*D21 -> 20.6567 | C21: 4.93 | D21: 4.19
A22: Service 2 | B22: =C22*D22 -> 20.6567 | C22: 4.93 | D22: 4.19
A23: Store 1 | B23: =C23*D23 -> 4.51 | C23: 1.64 | D23: 2.75
A24: Store 2 | B24: =C24*D24 -> 2.415 | C24: 1.15 | D24: 2.1
A25: Lift 1 | B25: 3.24 | C25: 0 | D25: 0
A26: Lift 2 | B26: 3.22 | C26: 0 | D26: 0
A27: Kitchen | B27: =C27*D27 -> 29.982 | C27: 3.8 | D27: 7.89
A28: Communal Area 1 | B28: 409.31 | C28: 0 | D28: 0
A29: Communal Area 2 | B29: 345.14 | C29: 0 | D29: 0
A30: Female Toilets | B30: 16.59 | C30: 0 | D30: 0
A31: Male Toilets | B31: 10.78 | C31: 0 | D31: 0
A32: Disabled Toilet | B32: =C32*D32 -> 4.11 | C32: 1.5 | D32: 2.74
A33: Disabled Toilet/Changing Room | B33: =C33*D33 -> 6.576 | C33: 2.4 | D33: 2.74
B34: =SUM(B4:B33) -> 1830.6792
